[Event "-chT Youth Countries 2019"]
[Site "Wuerzburg"]
[Date "2019.10.04"]
[Round "5.1"]
[White "Herbrig, Alexander"]
[Black "Vuckovic, Zarko"]
[Result "1-0"]
[ECO "A27"]
[WhiteElo "2295"]
[BlackElo "2253"]
[Annotator "NA"]
[PlyCount "100"]
[EventDate "2019.10.02"]
[EventType "team-tourn"]
[EventRounds "7"]
[EventCountry "GER"]
[SourceTitle "playchess.com"]
[Source "ChessBase"]
[SourceQuality "1"]
[WhiteTeam "Sachsen"]
[BlackTeam "Bayern 1"]
[TimeControl "40/5400+30:1800+30"]

1. c4 e5 2. Nc3 Nc6 3. Nf3 f5 4. d4 e4 5. d5 exf3 6. dxc6 dxc6 7. Qxd8+ Kxd8 8. gxf3 Be6 9. Bg5+ Be7 10. O-O-O+ Ke8 11. Bxe7 Nxe7 12. e3 Kf7 13. f4 Rad8 14. Bd3 h6 15. h4 Rd6 16. Kc2 Bc8 17. Ne2 c5 18. Ng1 Nc6 19. a3 Be6 20. Nf3 Kf6 21. Rhg1 Bf7 22. Rd2 Rhd8 23. Kc3 Bh5 24. Ne1 a5 25. f3 Re6 26. e4 Nd4 27. e5+ Kf7 28. Bxf5 Rb6 29. Bc2 Re8 30. Bd1 Rg6 31. Rxg6 Kxg6 32. Rg2+ Kf7 33. Bc2 Ne6 34. Nd3 Bg6 35. Nxc5 Nxf4 36. Bxg6+ Nxg6 37. e6+ Kf6 38. Ne4+ Kf5 39. h5 Ne5 40. Rxg7 Rxe6 41. Ng3+ Kf6 42. Rxc7 Nxf3 43. Kd3 Rb6 44. Ne4+ Ke5 45. Re7+ Kf4 46. Kc3 Ne5 47. Nc5 Rc6 48. Ne6+ Ke4 49. b3 a4 50. Nd8 Rf6 {[%emt 0:00:20] normal} 1-0

[Event "-chT Youth Countries 2019"]
[Site "Wuerzburg"]
[Date "2019.10.04"]
[Round "5.1"]
[White "Browning, Alex"]
[Black "Lagunow, Raphael"]
[Result "0-1"]
[ECO "A13"]
[WhiteElo "2291"]
[BlackElo "2438"]
[Annotator "NA"]
[PlyCount "94"]
[EventDate "2019.10.02"]
[EventType "team-tourn"]
[EventRounds "7"]
[EventCountry "GER"]
[SourceTitle "playchess.com"]
[Source "ChessBase"]
[SourceQuality "1"]
[WhiteTeam "Nordrhein-Westfalen"]
[BlackTeam "Berlin"]
[TimeControl "40/5400+30:1800+30"]

1. Nf3 Nf6 2. c4 e6 3. g3 d5 4. Bg2 dxc4 5. O-O a6 6. a4 Nc6 7. b3 cxb3 8. d4 a5 9. Qxb3 Bb4 10. Rd1 O-O 11. Nc3 Qe7 12. Bb2 Bd7 13. Rac1 Rfc8 14. Qc2 Bxc3 15. Bxc3 Nb4 16. Qb3 Bc6 17. Bd2 Bd5 18. Qb2 b6 19. Bg5 c5 20. dxc5 bxc5 21. Ne5 h6 22. Bxf6 Qxf6 23. e4 Bc6 24. Qa1 Bxa4 25. Rd2 Bb5 26. f4 a4 27. Qa3 Rd8 28. Rf2 Rac8 29. Bf1 Bxf1 30. Kxf1 Rd4 31. Qxa4 Rxe4 32. Rxc5 Rd8 33. Nc6 Nd3 34. Qxe4 Nxc5 35. Qc4 Rd5 36. Re2 Kh7 37. Ne5 Qf5 38. Kg2 h5 39. Nf3 Qd3 40. Qa2 f6 41. Rb2 Qf5 42. Qa8 Qe4 43. Rb8 Qe2+ 44. Kh3 Qxf3 45. Rh8+ Kg6 46. Qe8+ Kf5 47. Rxh5+ g5 {[%emt 0:01:22] normal} 0-1

[Event "-chT Youth Countries 2019"]
[Site "Wuerzburg"]
[Date "2019.10.04"]
[Round "5.1"]
[White "Hoffmann, Sebastian"]
[Black "Polster, Christian"]
[Result "1-0"]
[ECO "B22"]
[WhiteElo "2187"]
[BlackElo "2279"]
[Annotator "NA"]
[PlyCount "75"]
[EventDate "2019.10.02"]
[EventType "team-tourn"]
[EventRounds "7"]
[EventCountry "GER"]
[SourceTitle "playchess.com"]
[Source "ChessBase"]
[SourceQuality "1"]
[WhiteTeam "Bayern 2"]
[BlackTeam "Niedersachsen"]
[TimeControl "40/5400+30:1800+30"]

1. e4 c5 2. c3 Nf6 3. e5 Nd5 4. d4 cxd4 5. Nf3 d6 6. cxd4 Nc6 7. Bc4 Nb6 8. Bb5 Bd7 9. exd6 e6 10. Nc3 a6 11. Bd3 Bxd6 12. a3 Ne7 13. Ne4 Bc7 14. Ne5 Ng6 15. Nxd7 Nxd7 16. O-O O-O 17. Bg5 Qb8 18. Qh5 Bf4 19. g3 Bxg5 20. Qxg5 Qd8 21. Rac1 Qxg5 22. Nxg5 Nf6 23. Rc7 Rab8 24. Rfc1 Nd5 25. Rd7 Nf6 26. Rdc7 Nd5 27. R7c5 Rfd8 28. Be4 Nf6 29. Bxg6 hxg6 30. Rc7 Nd7 31. R1c3 Kf8 32. Rf3 Nf6 33. Rxf7+ Kg8 34. Re7 Rxd4 35. Rxg7+ Kh8 36. Rxg6 Ng4 37. Rf7 Ne5 38. Rh7# {normal} 1-0

[Event "-chT Youth Countries 2019"]
[Site "Wuerzburg"]
[Date "2019.10.04"]
[Round "5.1"]
[White "Degenhard, Simon"]
[Black "Tiarks, Jann-Christian"]
[Result "1/2-1/2"]
[ECO "B01"]
[WhiteElo "2084"]
[BlackElo "2178"]
[Annotator "NA"]
[PlyCount "43"]
[EventDate "2019.10.02"]
[EventType "team-tourn"]
[EventRounds "7"]
[EventCountry "GER"]
[SourceTitle "playchess.com"]
[Source "ChessBase"]
[SourceQuality "1"]
[WhiteTeam "Württemberg"]
[BlackTeam "Brandenburg/Berlin"]
[TimeControl "40/5400+30:1800+30"]

1. e4 c6 2. c4 d5 3. exd5 Nf6 4. Nc3 cxd5 5. cxd5 Nxd5 6. Nf3 e6 7. d4 Be7 8. Bd3 Nc6 9. a3 O-O 10. O-O Nxc3 11. bxc3 b6 12. Qe2 Bb7 13. Re1 Rc8 14. Qe4 g6 15. Bh6 Re8 16. Qe3 Bf6 17. Qf4 Bg7 18. Bxg7 Kxg7 19. Ng5 Qc7 20. Qh4 h6 21. Ne4 Ne7 22. Nf6 {[%emt 0:07:32] normal} 1/2-1/2

[Event "-chT Youth Countries 2019"]
[Site "Wuerzburg"]
[Date "2019.10.04"]
[Round "5.2"]
[White "Schmidek, Emil"]
[Black "Niermann, Tristan"]
[Result "1-0"]
[ECO "C77"]
[WhiteElo "2387"]
[BlackElo "2227"]
[Annotator "NA"]
[PlyCount "113"]
[EventDate "2019.10.02"]
[EventType "team-tourn"]
[EventRounds "7"]
[EventCountry "GER"]
[SourceTitle "playchess.com"]
[Source "ChessBase"]
[SourceQuality "1"]
[WhiteTeam "SF Berlin"]
[BlackTeam "Nordrhein-Westfalen"]
[TimeControl "40/5400+30:1800+30"]

1. e4 e5 2. Nf3 Nc6 3. Bb5 a6 4. Ba4 Nf6 5. d3 d6 6. c3 g6 7. d4 exd4 8. cxd4 Bg7 9. O-O O-O 10. Bxc6 bxc6 11. Qc2 Re8 12. e5 Bf5 13. Qxc6 Be4 14. Qa4 Ng4 15. Ng5 Bxb1 16. Rxb1 dxe5 17. h3 Nf6 18. dxe5 Rxe5 19. Bf4 Rd5 20. Rbd1 Rb8 21. Be5 Qe8 22. Qxe8+ Rxe8 23. Rxd5 Nxd5 24. Bxg7 Kxg7 25. Rd1 c6 26. Kf1 Rb8 27. Rd2 Rb5 28. Nf3 Rc5 29. g3 Kf6 30. Ke2 a5 31. Nd4 Ke5 32. Nf3+ Kf6 33. Ne1 Nb4 34. a3 Nd5 35. Rc2 Rxc2+ 36. Nxc2 Ke5 37. Kd3 Nb6 38. Ne3 Na4 39. f4+ Kd6 40. Nc4+ Kd5 41. b4 axb4 42. axb4 f5 43. h4 h5 44. Ne5 Nb2+ 45. Ke2 c5 46. b5 c4 47. b6 Kd6 48. Kd2 c3+ 49. Kc2 Na4 50. b7 Kc7 51. Nxg6 Kxb7 52. Ne7 Kb6 53. Nxf5 Kb5 54. g4 hxg4 55. h5 Nc5 56. h6 g3 57. Nxg3 {[%emt 0:00:06] normal} 1-0

[Event "-chT Youth Countries 2019"]
[Site "Wuerzburg"]
[Date "2019.10.04"]
[Round "5.2"]
[White "Maetzkow, Maximilian Paul"]
[Black "Koelle, Tobias"]
[Result "1/2-1/2"]
[ECO "D05"]
[WhiteElo "2287"]
[BlackElo "2281"]
[Annotator "NA"]
[PlyCount "131"]
[EventDate "2019.10.02"]
[EventType "team-tourn"]
[EventRounds "7"]
[EventCountry "GER"]
[SourceTitle "playchess.com"]
[Source "ChessBase"]
[SourceQuality "1"]
[WhiteTeam "Brandenburg/Berlin"]
[BlackTeam "Württemberg"]
[TimeControl "40/5400+30:1800+30"]

1. d4 Nf6 2. Nf3 d5 3. e3 e6 4. Bd3 b6 5. b3 Bb7 6. Bb2 g6 7. O-O Bg7 8. Nbd2 O-O 9. Ne5 Nbd7 10. Ndf3 Rc8 11. c4 c5 12. Qe2 Rc7 13. Rac1 Qa8 14. cxd5 Nxe5 15. Nxe5 Bxd5 16. f3 Rfc8 17. Ba6 Bb7 18. Bxb7 Qxb7 19. Nc4 Qa6 20. dxc5 Rxc5 21. Bd4 R5c7 22. Qb2 b5 23. Bxf6 Bxf6 24. Qxf6 bxc4 25. Rfd1 Rf8 26. Rd8 Rc8 27. Rxf8+ Rxf8 28. bxc4 Qxa2 29. h4 h5 30. c5 Qe2 31. Qc3 Rd8 32. Re1 Qd2 33. Qxd2 Rxd2 34. Rc1 Kf8 35. e4 Ke7 36. Ra1 Rd7 37. Kf2 Rc7 38. Ra5 e5 39. Ke3 Rd7 40. g4 f6 41. gxh5 gxh5 42. f4 Rc7 43. fxe5 fxe5 44. Kd3 Rd7+ 45. Kc3 Kd8 46. c6 Rd6 47. Rxe5 Rxc6+ 48. Kd4 Rh6 49. Ra5 a6 50. Ke5 Rg6 51. Kd4 Rh6 52. Ke3 Kc7 53. Kf4 Kb6 54. Ra1 Rg6 55. Kf5 Rg4 56. Rh1 Kc7 57. e5 Kd7 58. Ra1 Rxh4 59. Rxa6 Rh1 60. Ra7+ Ke8 61. Ke6 Kf8 62. Ra8+ Kg7 63. Ke7 h4 64. e6 h3 65. Ra3 Kg6 66. Ke8 {[%emt 0:00:00] normal} 1/2-1/2

[Event "-chT Youth Countries 2019"]
[Site "Wuerzburg"]
[Date "2019.10.04"]
[Round "5.2"]
[White "Schmider, Niklas"]
[Black "Krastev, Alexander"]
[Result "1-0"]
[ECO "C84"]
[WhiteElo "2261"]
[BlackElo "2343"]
[Annotator "NA"]
[PlyCount "207"]
[EventDate "2019.10.02"]
[EventType "team-tourn"]
[EventRounds "7"]
[EventCountry "GER"]
[SourceTitle "playchess.com"]
[Source "ChessBase"]
[SourceQuality "1"]
[WhiteTeam "Baden 1"]
[BlackTeam "Hessen"]
[TimeControl "40/5400+30:1800+30"]

1. e4 e5 2. Nf3 Nc6 3. Bb5 a6 4. Ba4 Nf6 5. O-O Be7 6. d3 b5 7. Bb3 d6 8. a3 O-O 9. Nc3 Na5 10. Ba2 c5 11. Nd5 Nc6 12. b4 Bb7 13. Be3 Nxd5 14. Bxd5 Qc7 15. c3 Nd8 16. Bxb7 Nxb7 17. Qb3 Rfc8 18. Rfc1 c4 19. dxc4 Qxc4 20. Qxc4 Rxc4 21. a4 Rcc8 22. Kf1 f6 23. Nd2 Nd8 24. Ra3 Kf7 25. Ke2 Ke6 26. Rca1 Rab8 27. axb5 axb5 28. Kd3 Nc6 29. Ra6 Bd8 30. Nb3 Kd7 31. Ke2 Ke7 32. g4 Kf7 33. h4 Be7 34. Nd2 Rb7 35. Nf1 Nb8 36. R6a3 Nd7 37. Rd1 Rbc7 38. Rd3 Nf8 39. Ng3 g6 40. Kd2 Ne6 41. Ra5 Rb7 42. Ne2 Rc6 43. Ng3 Bd8 44. Ra8 Ke7 45. h5 Bb6 46. Ne2 Bxe3+ 47. Rxe3 Kf7 48. Rd3 Rd7 49. Rb8 Nc7 50. hxg6+ hxg6 51. Rh3 d5 52. Rh7+ Ke6 53. Rxd7 Kxd7 54. exd5 Rd6 55. Kc2 Rxd5 56. Rg8 g5 57. Rg7+ Kd8 58. Ng3 Rd6 59. Ne4 Rc6 60. Rf7 Nd5 61. Nc5 Ke8 62. Rb7 Rb6 63. Rd7 Ne7 64. Ra7 Kf7 65. Nd7 Rd6 66. Rb7 Ra6 67. Kb2 Rd6 68. Kc2 Ra6 69. Kb3 Ra1 70. Rb6 Nd5 71. Rxb5 Nf4 72. Rb6 Rf1 73. Nxf6 Rxf2 74. Ne4 Rg2 75. Nxg5+ Ke7 76. Rb5 Rxg4 77. Nf3 Rg3 78. Nxe5 Ne2 79. Rc5 Ke6 80. Nc6 Kd6 81. Na5 Rh3 82. Rc6+ Kd7 83. Rc5 Kd6 84. Nc4+ Kd7 85. Nb2 Kd6 86. Rc8 Kd7 87. Rc4 Rf3 88. Na4 Kd6 89. b5 Rf5 90. Kb4 Nf4 91. Rc6+ Ke7 92. Ka5 Ne6 93. Nb2 Kd7 94. Na4 Ke7 95. c4 Nd4 96. Rc8 Rf1 97. b6 Rb1 98. c5 Kd7 99. Rc7+ Kd8 100. c6 Ne6 101. Rd7+ Kc8 102. Re7 Nd8 103. Re8 Rb3 104. Ka6 {[%emt 0:01:01] normal} 1-0

[Event "-chT Youth Countries 2019"]
[Site "Wuerzburg"]
[Date "2019.10.04"]
[Round "5.2"]
[White "Sieber, Fiona"]
[Black "Arndt, Magnus"]
[Result "0-1"]
[ECO "C88"]
[WhiteElo "2252"]
[BlackElo "2312"]
[Annotator "NA"]
[PlyCount "108"]
[EventDate "2019.10.02"]
[EventType "team-tourn"]
[EventRounds "7"]
[EventCountry "GER"]
[SourceTitle "playchess.com"]
[Source "ChessBase"]
[SourceQuality "1"]
[WhiteTeam "Sachsen-Anhalt"]
[BlackTeam "Schleswig-Holstein"]
[TimeControl "40/5400+30:1800+30"]

1. e4 e5 2. Nf3 Nc6 3. Bb5 a6 4. Ba4 Nf6 5. O-O Be7 6. Re1 b5 7. Bb3 O-O 8. a4 b4 9. d3 d6 10. a5 h6 11. Nbd2 Be6 12. Bxe6 fxe6 13. c3 Rb8 14. Nc4 bxc3 15. bxc3 Nd7 16. Ba3 Rb5 17. Qc2 Qa8 18. Qa2 Qe8 19. Rab1 Qg6 20. Kh1 Rfb8 21. Rxb5 axb5 22. Ne3 Nxa5 23. Bxd6 cxd6 24. Qxa5 Nc5 25. Rd1 Qe8 26. Qb4 Ra8 27. Kg1 Ra4 28. Qb1 Qc6 29. Nc2 Kh8 30. Nb4 Qa8 31. Re1 Ra3 32. Qc2 Qa4 33. Qd2 Ra1 34. Kf1 Kg8 35. h4 Qa3 36. Rxa1 Qxa1+ 37. Qe1 Qb2 38. g3 Na4 39. c4 bxc4 40. dxc4 Qb3 41. Kg2 Qxc4 42. Qb1 Nc3 43. Nd2 Qd4 44. Qb3 Nxe4 45. Qxe6+ Kf8 46. Qf5+ Nf6 47. Qc8+ Kf7 48. Nc4 Qe4+ 49. f3 Qe2+ 50. Kh3 Qf1+ 51. Kh2 Qf2+ 52. Kh3 Qxf3 53. Nxd6+ Bxd6 54. Qc4+ Kg6 {[%emt 0:00:28] normal} 0-1

[Event "-chT Youth Countries 2019"]
[Site "Wuerzburg"]
[Date "2019.10.04"]
[Round "5.2"]
[White "Schneider, Jana"]
[Black "Nguyen, Alex Dac-Vuong"]
[Result "0-1"]
[ECO "B42"]
[WhiteElo "2240"]
[BlackElo "2128"]
[Annotator "NA"]
[PlyCount "110"]
[EventDate "2019.10.02"]
[EventType "team-tourn"]
[EventRounds "7"]
[EventCountry "GER"]
[SourceTitle "playchess.com"]
[Source "ChessBase"]
[SourceQuality "1"]
[WhiteTeam "Bayern 1"]
[BlackTeam "Sachsen"]
[TimeControl "40/5400+30:1800+30"]

1. e4 c5 2. Nf3 e6 3. d4 cxd4 4. Nxd4 a6 5. Bd3 Nf6 6. O-O Qc7 7. Qe2 d6 8. c4 g6 9. b3 Bg7 10. Bb2 O-O 11. Nc3 Nc6 12. Nxc6 bxc6 13. Rfe1 e5 14. Rad1 Bg4 15. f3 Be6 16. Na4 c5 17. Qd2 h5 18. Bf1 Rfd8 19. Bc3 a5 20. Bb2 Kh7 21. Nc3 Qb6 22. Qc2 Ng8 23. Nb5 Ne7 24. a4 Nc6 25. Bc1 Nd4 26. Qc3 Rf8 27. Rd3 f5 28. Bg5 Rf7 29. Qd2 fxe4 30. fxe4 Raf8 31. Rg3 Bg4 32. Rge3 Qc6 33. h3 Be6 34. Rd1 Qb6 35. Rg3 Bd7 36. Ra1 Bc6 37. Qd3 Qb8 38. Re1 Bf6 39. Bxf6 Rxf6 40. Be2 Rf4 41. Bd1 Qd8 42. Nxd4 cxd4 43. Rf3 Qh4 44. Qd2 Rxf3 45. Bxf3 g5 46. Qd1 Kg6 47. Rf1 Rf4 48. c5 g4 49. Be2 gxh3 50. Rxf4 Qxf4 51. Bxh5+ Kg5 52. cxd6 Qxe4 53. Bf3 Qe3+ 54. Kh2 e4 {[%emt 0:02:59] normal} 55. Bh5 Bd7 {[%emt 0:03:06] normal} 0-1

[Event "-chT Youth Countries 2019"]
[Site "Wuerzburg"]
[Date "2019.10.04"]
[Round "5.2"]
[White "Knuedel, Torben"]
[Black "Köhler, Lukas"]
[Result "1-0"]
[ECO "B01"]
[WhiteElo "2193"]
[BlackElo "2040"]
[Annotator "NA"]
[PlyCount "67"]
[EventDate "2019.10.02"]
[EventType "team-tourn"]
[EventRounds "7"]
[EventCountry "GER"]
[SourceTitle "playchess.com"]
[Source "ChessBase"]
[SourceQuality "1"]
[WhiteTeam "Niedersachsen"]
[BlackTeam "Bayern 2"]
[TimeControl "40/5400+30:1800+30"]

1. e4 d5 2. exd5 Qxd5 3. Nc3 Qd6 4. d4 c6 5. Nf3 Bg4 6. Be2 e6 7. h3 Bxf3 8. Bxf3 Nf6 9. Be3 Nbd7 10. O-O Be7 11. Qe2 O-O 12. Rad1 Nb6 13. Bc1 Rad8 14. Ne4 Nxe4 15. Bxe4 Bf6 16. Rfe1 g6 17. Qf3 Bg7 18. c3 Qe7 19. Bc2 Rfe8 20. Bb3 Qf6 21. Qg4 h5 22. Qg3 Qe7 23. Rd3 Nd5 24. Rf3 Qc7 25. Qxc7 Nxc7 26. Bg5 Rd7 27. Re4 Kh7 28. g4 Bh6 29. Bf6 hxg4 30. hxg4 Nd5 31. g5 Nxf6 32. gxf6 g5 33. Bc2 Rd5 34. Rxe6+ {[%emt 0:00:17] normal} 1-0

[Event "-chT Youth Countries 2019"]
[Site "Wuerzburg"]
[Date "2019.10.04"]
[Round "5.2"]
[White "Ratay, Meike"]
[Black "Karsay, Pascal"]
[Result "0-1"]
[ECO "C68"]
[WhiteElo "2032"]
[BlackElo "2276"]
[Annotator "NA"]
[PlyCount "68"]
[EventDate "2019.10.02"]
[EventType "team-tourn"]
[EventRounds "7"]
[EventCountry "GER"]
[SourceTitle "playchess.com"]
[Source "ChessBase"]
[SourceQuality "1"]
[WhiteTeam "Thüringen"]
[BlackTeam "Rheinland-Pfalz"]
[TimeControl "40/5400+30:1800+30"]

1. e4 e5 2. Nf3 Nc6 3. Bb5 a6 4. Bxc6 dxc6 5. O-O Bg4 6. h3 h5 7. d3 Qf6 8. Nbd2 g5 9. Re1 Be6 10. d4 g4 11. Nxe5 O-O-O 12. c3 gxh3 13. Qf3 hxg2 14. Qxf6 Nxf6 15. Kxg2 Bd6 16. Ndc4 Rdg8+ 17. Kf3 h4 18. Bf4 h3 19. Nxd6+ cxd6 20. Nd3 d5 21. e5 Nh5 22. Bh2 Rg2 23. Rh1 Bf5 24. Nc5 Ng7 25. Rag1 b6 26. Nxa6 Rh4 27. Nb4 c5 28. dxc5 bxc5 29. Nc6 Bg4+ 30. Ke3 Nf5+ 31. Kd3 Rxf2 32. c4 Be2+ 33. Kc3 Rxc4+ 34. Kb3 Rf3# {normal} 0-1

[Event "-chT Youth Countries 2019"]
[Site "Wuerzburg"]
[Date "2019.10.04"]
[Round "5.3"]
[White "Kololli, Martin"]
[Black "Pallas, Sebastian"]
[Result "1-0"]
[ECO "B22"]
[WhiteElo "2310"]
[BlackElo "2291"]
[Annotator "NA"]
[PlyCount "80"]
[EventDate "2019.10.02"]
[EventType "team-tourn"]
[EventRounds "7"]
[EventCountry "GER"]
[SourceTitle "playchess.com"]
[Source "ChessBase"]
[SourceQuality "1"]
[WhiteTeam "Schleswig-Holstein"]
[BlackTeam "Sachsen-Anhalt"]
[TimeControl "40/5400+30:1800+30"]

1. e4 c5 2. c3 Nf6 3. e5 Nd5 4. d4 cxd4 5. Nf3 d6 6. Bc4 e6 7. cxd4 Nc6 8. O-O Be7 9. exd6 Bxd6 10. Nc3 Nxc3 11. bxc3 O-O 12. Re1 Qa5 13. Qc2 h6 14. Bd2 Qh5 15. Qe4 Ne7 16. Rab1 Bd7 17. Bd3 f5 18. Qe2 b6 19. Bb5 Bc8 20. Ne5 Qxe2 21. Rxe2 Bxe5 22. Rxe5 Kf7 23. Bc4 Rd8 24. Rbe1 Nd5 25. Bd3 Nf6 26. Bc2 Rd5 27. R5e2 Rd6 28. Bb3 Bd7 29. Bf4 Rc6 30. c4 Re8 31. f3 Rcc8 32. d5 exd5 33. cxd5 g5 34. Bd2 a5 35. d6+ Kg6 36. Re7 Rxe7 37. Rxe7 f4 38. Bf7+ Kf5 39. g4+ fxg3 40. hxg3 g4 {[%emt 0:02:24] normal} 1-0

[Event "-chT Youth Countries 2019"]
[Site "Wuerzburg"]
[Date "2019.10.04"]
[Round "5.3"]
[White "Weber, Samuel"]
[Black "Wu, Luka"]
[Result "1-0"]
[ECO "B20"]
[WhiteElo "2288"]
[BlackElo "2117"]
[Annotator "NA"]
[PlyCount "95"]
[EventDate "2019.10.02"]
[EventType "team-tourn"]
[EventRounds "7"]
[EventCountry "GER"]
[SourceTitle "playchess.com"]
[Source "ChessBase"]
[SourceQuality "1"]
[WhiteTeam "Hessen"]
[BlackTeam "Baden 1"]
[TimeControl "40/5400+30:1800+30"]

1. e4 c5 2. c4 Nc6 3. g3 g6 4. Bg2 Bg7 5. Ne2 e6 6. Nbc3 Nge7 7. O-O O-O 8. Rb1 Rb8 9. d3 d6 10. Be3 a6 11. a4 Qc7 12. Qd2 Rd8 13. b3 b6 14. d4 e5 15. dxe5 dxe5 16. Nd5 Nxd5 17. cxd5 Nd4 18. Nxd4 cxd4 19. Bh6 Qd6 20. Bxg7 Kxg7 21. f4 f6 22. Rf2 Bd7 23. Rbf1 Rf8 24. h4 b5 25. a5 b4 26. h5 Rbc8 27. h6+ Kg8 28. fxe5 Qxe5 29. Qf4 Bb5 30. Qxe5 fxe5 31. Bh3 Bxf1 32. Be6+ Kh8 33. Bxc8 Rxc8 34. Rxf1 Kg8 35. Rf3 d3 36. Kf2 Rc2+ 37. Ke3 d2 38. Ke2 Rc3 39. Rxc3 bxc3 40. b4 Kf7 41. b5 axb5 42. a6 b4 43. a7 b3 44. a8=Q b2 45. Qb7+ Kf6 46. Qb3 Ke7 47. Qc2 Kd6 48. Kd3 {[%emt 0:00:00] normal Kxd5} 1-0

[Event "-chT Youth Countries 2019"]
[Site "Wuerzburg"]
[Date "2019.10.04"]
[Round "5.3"]
[White "Richter, Nils"]
[Black "Tschernatsch, Johannes"]
[Result "1-0"]
[ECO "B90"]
[WhiteElo "2213"]
[BlackElo "2132"]
[Annotator "NA"]
[PlyCount "175"]
[EventDate "2019.10.02"]
[EventType "team-tourn"]
[EventRounds "7"]
[EventCountry "GER"]
[SourceTitle "playchess.com"]
[Source "ChessBase"]
[SourceQuality "1"]
[WhiteTeam "Württemberg"]
[BlackTeam "Brandenburg/Berlin"]
[TimeControl "40/5400+30:1800+30"]

1. e4 c5 2. Nf3 d6 3. d4 cxd4 4. Nxd4 Nf6 5. Nc3 a6 6. Be3 e5 7. Nb3 Be7 8. f3 Be6 9. Qd2 O-O 10. O-O-O b5 11. g4 Nbd7 12. Rg1 b4 13. Nd5 Bxd5 14. exd5 Nb6 15. Na5 Nfxd5 16. Nc6 Qc7 17. Nxe7+ Qxe7 18. Bxb6 Nxb6 19. Qxd6 Qg5+ 20. Qd2 Qe7 21. Qe3 Qe6 22. Kb1 a5 23. Bd3 Rad8 24. Rge1 Rfe8 25. Bb5 Rxd1+ 26. Rxd1 Rc8 27. Ba6 Ra8 28. Bb7 Rb8 29. Qc5 g6 30. Qc7 Re8 31. b3 Re7 32. Qb8+ Kg7 33. Be4 Rd7 34. Rxd7 Nxd7 35. Qc7 Nf6 36. Qxa5 Qd6 37. Bd3 Qd4 38. a3 bxa3 39. Qxa3 Nd5 40. Qa5 Nb4 41. Qb5 Qg1+ 42. Bf1 Qd4 43. Be2 Qg1+ 44. Bf1 Qd4 45. Qc4 Qd1+ 46. Kb2 Qxf3 47. Be2 Qe3 48. h4 h6 49. Ka3 Nc6 50. Bd3 Nd4 51. c3 Ne6 52. b4 Nf4 53. Be4 Ne2 54. Kb3 Nxc3 55. Bd3 Ne2 56. Ka4 Qa7+ 57. Qa6 Nc3+ 58. Kb3 Qxa6 59. Bxa6 Nd5 60. Kc4 Nc7 61. Bc8 f5 62. g5 hxg5 63. hxg5 e4 64. Bd7 Kf7 65. b5 Na8 66. Bc6 Nb6+ 67. Kc5 Na4+ 68. Kb4 Nb6 69. Kc5 Na4+ 70. Kd6 e3 71. Bf3 f4 72. Ke5 Nb6 73. Kxf4 Ke6 74. Bg4+ Kd5 75. Kxe3 Ke5 76. Bh3 Nc4+ 77. Kf3 Nb6 78. Kg4 Nd5 79. Bg2 Ne3+ 80. Kf3 Nd5 81. Bh3 Nb6 82. Kg3 Kd4 83. Be6 Ke5 84. Bb3 Nc8 85. Bc2 Ne7 86. b6 Kd6 87. b7 Kc7 88. Be4 {normal} 1-0

[Event "-chT Youth Countries 2019"]
[Site "Wuerzburg"]
[Date "2019.10.04"]
[Round "5.3"]
[White "Musiolik, David"]
[Black "Grund, Sebastian"]
[Result "1-0"]
[ECO "B34"]
[WhiteElo "2195"]
[BlackElo "2054"]
[Annotator "NA"]
[PlyCount "67"]
[EventDate "2019.10.02"]
[EventType "team-tourn"]
[EventRounds "7"]
[EventCountry "GER"]
[SourceTitle "playchess.com"]
[Source "ChessBase"]
[SourceQuality "1"]
[WhiteTeam "Rheinland-Pfalz"]
[BlackTeam "Thüringen"]
[TimeControl "40/5400+30:1800+30"]

1. e4 c5 2. Nf3 Nc6 3. d4 cxd4 4. Nxd4 g6 5. Nc3 Bg7 6. Be3 Nf6 7. Be2 O-O 8. Nb3 d6 9. f4 Bd7 10. Bf3 Na5 11. e5 Ne8 12. Nxa5 Qxa5 13. Qd5 Qc7 14. Qxb7 Qxb7 15. Bxb7 Rb8 16. Bd5 dxe5 17. Bxa7 Rc8 18. O-O-O Bg4 19. Bf3 Bxf3 20. gxf3 Rc7 21. Bb8 Rc5 22. Rd5 Rxd5 23. Nxd5 exf4 24. Nxe7+ Kh8 25. Bxf4 Nf6 26. Be5 Re8 27. Bxf6 Bxf6 28. Nd5 Bg7 29. a4 Ra8 30. b3 Rb8 31. Kd2 Bf8 32. Rb1 Bd6 33. h3 f5 34. b4 {[%emt 0:02:22] normal} 1-0

[Event "-chT Youth Countries 2019"]
[Site "Wuerzburg"]
[Date "2019.10.04"]
[Round "5.3"]
[White "Dahl, Christoph"]
[Black "Goldbeck, Lars"]
[Result "0-1"]
[ECO "B12"]
[WhiteElo "2178"]
[BlackElo "2203"]
[Annotator "NA"]
[PlyCount "128"]
[EventDate "2019.10.02"]
[EventType "team-tourn"]
[EventRounds "7"]
[EventCountry "GER"]
[SourceTitle "playchess.com"]
[Source "ChessBase"]
[SourceQuality "1"]
[WhiteTeam "Sachsen"]
[BlackTeam "Bayern 1"]
[TimeControl "40/5400+30:1800+30"]

1. e4 c6 2. d4 d5 3. e5 c5 4. dxc5 e6 5. Nf3 Bxc5 6. Bd3 Ne7 7. O-O Nbc6 8. c3 Ng6 9. Qe2 Bd7 10. Bg5 Qc7 11. Re1 Rc8 12. Na3 Bxa3 13. bxa3 Na5 14. h4 h6 15. Bd2 Ne7 16. Nd4 Nc4 17. Bc1 Qa5 18. Bxc4 Rxc4 19. Bb2 Qd8 20. g3 O-O 21. Rac1 a6 22. Nf3 Bb5 23. Qc2 Nf5 24. Qd1 d4 25. Nxd4 Nxd4 26. cxd4 Rxc1 27. Qxc1 Qd5 28. Qc5 Qxa2 29. Bc3 Bc6 30. Bb4 Rd8 31. Qc3 Qd5 32. f3 b6 33. Rc1 Bb7 34. Qe3 Qxd4 35. Qxd4 Rxd4 36. Kf2 a5 37. Be1 g5 38. hxg5 hxg5 39. Rb1 Rd3 40. Rxb6 Bd5 41. f4 Rxa3 42. fxg5 Kg7 43. Ra6 a4 44. Bb4 Rf3+ 45. Ke1 Bb3 46. Be7 Kg6 47. Ke2 Rxg3 48. Ra8 Kf5 49. Rf8 a3 50. Rxf7+ Ke4 51. Bxa3 Bc4+ 52. Kf2 Rxa3 53. g6 Ra8 54. g7 Rg8 55. Kg3 Kxe5 56. Kg4 Kd6 57. Kg5 e5 58. Ra7 e4 59. Kf6 e3 60. Re7 e2 61. Re5 Kd7 62. Re4 Bd3 63. Re6 Bb5 64. Re4 Bd3 {[%emt 0:01:26] normal} 0-1

[Event "-chT Youth Countries 2019"]
[Site "Wuerzburg"]
[Date "2019.10.04"]
[Round "5.3"]
[White "Gallasch, Jonas"]
[Black "Sulayev, Daniel"]
[Result "1/2-1/2"]
[ECO "A37"]
[WhiteElo "2099"]
[BlackElo "2149"]
[Annotator "NA"]
[PlyCount "44"]
[EventDate "2019.10.02"]
[EventType "team-tourn"]
[EventRounds "7"]
[EventCountry "GER"]
[SourceTitle "playchess.com"]
[Source "ChessBase"]
[SourceQuality "1"]
[WhiteTeam "Nordrhein-Westfalen"]
[BlackTeam "Berlin"]
[TimeControl "40/5400+30:1800+30"]

1. Nf3 c5 2. c4 g6 3. g3 Bg7 4. Bg2 Nc6 5. Nc3 e5 6. O-O Nge7 7. Ne1 O-O 8. Nc2 d6 9. Ne3 Be6 10. d3 Qd7 11. Ned5 Bh3 12. Bg5 Bxg2 13. Kxg2 Nxd5 14. Nxd5 f5 15. Bd2 Rae8 16. Rb1 Ne7 17. e4 Nxd5 18. cxd5 b5 19. f3 a5 20. a3 b4 21. axb4 axb4 22. Ra1 Ra8 {normal} 1/2-1/2

[Event "-chT Youth Countries 2019"]
[Site "Wuerzburg"]
[Date "2019.10.04"]
[Round "5.3"]
[White "Wu, Leon"]
[Black "Schmekel, Florian"]
[Result "1-0"]
[ECO "B24"]
[WhiteElo "2009"]
[BlackElo "2102"]
[Annotator "NA"]
[PlyCount "43"]
[EventDate "2019.10.02"]
[EventType "team-tourn"]
[EventRounds "7"]
[EventCountry "GER"]
[SourceTitle "playchess.com"]
[Source "ChessBase"]
[SourceQuality "1"]
[WhiteTeam "Baden 2"]
[BlackTeam "Mecklenburg-Vorpommern"]
[TimeControl "40/5400+30:1800+30"]

1. e4 c5 2. Nc3 Nc6 3. Bb5 e6 4. Bxc6 bxc6 5. d3 e5 6. f4 exf4 7. Bxf4 d6 8. Nf3 Be7 9. O-O Nf6 10. e5 Nd5 11. exd6 Nxf4 12. dxe7 Qxe7 13. Ne5 O-O 14. Nxc6 Qe3+ 15. Kh1 Nxg2 16. Nd5 Qe6 17. Nce7+ Kh8 18. Kxg2 Bb7 19. Qf3 Rfe8 20. Rae1 Bxd5 21. Qxd5 Qg4+ 22. Kh1 {[%emt 0:00:38] normal} 1-0